 Dungeon Crawl Stone Soup version 0.25-b1-46-gb8a1ec05df (webtiles) character file.

Game seed: 6499844702455638222

21337 nikku the Fighter (level 12, -3/118 HPs)
             Began as a Minotaur Berserker on June 10, 2020.
             Was a High Priest of Trog.
             Slain by a polar bear (6 damage)
             ... in an ice cave on June 11, 2020.
             The game lasted 00:33:20 (12256 turns).

nikku the Fighter (Minotaur Berserker)             Turns: 12256, Time: 00:33:21

Health: -3/118     AC: 23    Str: 25    XL:     12   Next: 53%
Magic:  11/11      EV:  5    Int:  4    God:    Trog [*****.]
Gold:   326        SH: 18    Dex: 12    Spells: 11/11 levels left

rFire    + + .     SeeInvis .   H - +2 war axe (vorpal)
rCold    + . .     Gourm    .   u - +0 tower shield
rNeg     . . .     Faith    .   d - +0 plate armour
rPois    .         Spirit   .   (helmet restricted)
rElec    .         Reflect  .   l - +2 cloak {Stlth+}
rCorr    .         Harm     .   b - +2 pair of gloves
MR       +....                  C - +0 pair of boots of the Exiled Xeniums {rF+ MR+}
Stlth    ..........             A - amulet of the acrobat
HPRegen  0.29/turn              k - ring of protection from cold
MPRegen  0.12/turn              q - ring of protection from fire

@: mighty, berserk cooldown, hasted, very quick
A: retaliatory headbutt, horns 2
a: Berserk, Trog's Hand, Brothers in Arms, Renounce Religion


You were in an ice cave.
You worshipped Trog.
Trog was extremely pleased with you.
You were near starving.

You visited 1 branch of the dungeon, and saw 12 of its levels.
You also visited: Sewer, Ossuary and Ice Cave.

You collected 779 gold pieces.
You spent 453 gold pieces at shops.

Inventory:

Hand Weapons
 H - a +2 vorpal war axe (weapon)
Missiles
 j - 34 poisoned darts (quivered)
 w - 8 javelins
 B - 5 atropa-tipped darts
Armour
 b - a +2 pair of gloves (worn)
 d - a +0 plate armour (worn)
 l - a +2 cloak of stealth (worn)
 u - a +0 tower shield (worn)
 C - the +0 pair of boots of the Exiled Xeniums (worn) {rF+ MR+}
   (You found it on level 10 of the Dungeon)

   It protects you from fire.
   It affects your resistance to hostile enchantments.
Jewellery
 k - a ring of protection from cold (left hand)
 q - a ring of protection from fire (right hand)
 A - an amulet of the acrobat (around neck)
Wands
 a - a wand of paralysis (18)
 g - a wand of random effects (25)
 o - a wand of polymorph (7)
 y - a wand of acid (6)
 F - a wand of iceblast (10)
 G - a wand of clouds (3)
Scrolls
 e - 7 scrolls of identify
 i - a scroll of enchant armour
 n - 7 scrolls of remove curse
 r - 3 scrolls of fear
 s - 9 scrolls of teleportation
 E - a scroll of enchant weapon
Potions
 f - 7 potions of curing
 h - 4 potions of mutation
 t - a potion of invisibility
 v - a potion of lignification
 D - a potion of resistance
Comestibles
 c - 15 rations
 m - 6 chunks of flesh


   Skills:
 * Level 14.8 Fighting
 - Level 14.0 Axes
 + Level 10.8 Armour
 - Level 2.1 Dodging
 + Level 9.9 Shields


You had 11 spell levels left.
You didn't know any spells.
Your spell library was empty.

Dungeon Overview and Level Annotations

Branches:
Dungeon (12/15)            Temple (0/1) D:6            Lair (0/6) D:10
    Orc (0/2) D:10          Sewer (visited)         Ossuary (visited)
  IceCv (1/1)

Altars:
Ashenzari
Cheibriados
Elyvilon
Nemelex Xobeh
Qazlal
Uskayaw
Xom
Yredelemnul
The Shining One

Shops:
D:5 *   D:8 (   D:10 =

Annotations:
D:9 3 runed translucent doors, Jaiteiro's ghost, novice TrFi; Sedillia's ghost, novice DDFi; p0werm0de's ghost, novice DDFi


Innate Abilities, Weirdness & Mutations

You reflexively headbutt those who attack you in melee.
You have a pair of horns on your head.


Message History

You slice the polar bear!!
The polar bear is severely wounded.
You barely miss the polar bear. You block the polar bear's attack. x3
The polar bear bites you!!
* * * LOW HITPOINT WARNING * * *
The polar bear completely misses you. The polar bear closely misses you.
You hit the polar bear.
You headbutt the polar bear, but do no damage.
The polar bear is almost dead.
Your shield and plate armour prevent you from hitting the polar bear.
You feel yourself speed up.
The polar bear bites you but does no damage.
The polar bear claws you but does no damage. x2
You block the polar bear's attack.
The polar bear claws you but does no damage. x2
You slice the polar bear!!
You kill the polar bear!
Trog accepts your kill.
You closely miss the polar bear. The polar bear bites you.
You die...

≈≈≈≈≈≈ #≈≈#≈ ##
#####≈≈ ##..
###...##≈ ....#
##..##..≈# .....#
#..#####.≈ #....#
########..# ###
#.h†##...##...#..#
#h@.##...#######
##########


You could see 2 polar bears.

Vanquished Creatures
  A frost giant (IceCv)
  A centaur warrior (D:12)
  A death yak (IceCv)
  2 ugly things
  2 manticores (D:11)
  A cyclops (D:11)
  A centaur zombie (D:10)
  An ice statue (IceCv)
  A centaur skeleton (D:11)
  2 trolls
  11 polar bears (IceCv)
  2 hippogriffs (D:11)
  A wraith (D:11)
  A wyvern (D:9)
  19 yaks
  3 vampire mosquitoes (D:12)
  Menkaure (D:7)
  A water moccasin (D:11)
  9 orc warriors
  A porcupine (D:10)
  4 phantoms
  3 sky beasts
  3 black bears
  A necrophage (D:10)
  10 ogres
  16 wolves (IceCv)
  4 ice beasts
  7 centaurs
  4 bullfrogs
  5 big kobolds
  5 gnoll sergeants
  3 wyvern skeletons
  2 scorpions
  15 killer bees
  6 wights
  A howler monkey (D:9)
  A bullfrog zombie (D:8)
  11 crimson imps
  3 jellies
  A quasit (D:6)
  3 orc priests
  4 bullfrog skeletons
  9 hounds
  9 orc wizards
  11 iguanas
  9 worker ants
  A hound zombie (D:9)
  5 hound skeletons
  8 mummies (Ossuary)
  A worker ant zombie (D:11)
  5 gnolls
  13 adders
  A howler monkey skeleton (D:5)
  4 shadow imps
  2 oozes
  An adder skeleton (D:9)
  4 worms
  3 dart slugs
  8 leopard geckos
  30 orcs
  6 ball pythons
  5 giant cockroaches
  2 gnoll zombies (Ossuary)
  6 goblins
  10 hobgoblins
  16 jackals
  20 kobolds
  2 quokkas
  10 bats
  13 frilled lizards
  A giant cockroach zombie (D:6)
  A goblin skeleton (D:6)
  5 goblin zombies (D:6)
  6 hobgoblin zombies
  2 kobold skeletons (D:6)
  2 kobold zombies
  A leopard gecko skeleton (D:4)
  3 orc skeletons (D:6)
  3 orc zombies
  A quokka skeleton (D:5)
  A quokka zombie (D:6)
  11 rats
  A fungus (D:10)
426 creatures vanquished.

Notes
Turn   | Place    | Note
-------+----------+-------------------------------------------
     0 | D:1      | nikku the Minotaur Berserker began the quest for the Orb.
     0 | D:1      | Reached XP level 1. HP: 19/19 MP: 0/0
   345 | D:1      | Reached XP level 2. HP: 27/27 MP: 1/1
   758 | D:2      | Reached ** piety under Trog
   785 | D:2      | Reached XP level 3. HP: 25/33 MP: 2/2
  1607 | D:3      | Reached XP level 4. HP: 39/41 MP: 3/3
  1869 | D:3      | Reached *** piety under Trog
  1873 | D:3      | Found a shattered altar of Ashenzari.
  1877 | D:3      | Found a hide-covered altar of Uskayaw.
  1898 | D:3      | Reached skill level 5 in Axes
  1903 | D:3      | Reached skill level 5 in Fighting
  2209 | D:3      | Found a basalt altar of Yredelemnul.
  2210 | D:3      | Found a sparkling altar of Nemelex Xobeh.
  2212 | D:3      | Found a snail-covered altar of Cheibriados.
  2212 | D:3      | Found a white marble altar of Elyvilon.
  2515 | D:4      | Reached XP level 5. HP: 48/48 MP: 4/4
  2600 | D:4      | Noticed a phantom
  2618 | D:4      | Killed a phantom
  2618 | D:4      | Reached XP level 6. HP: 50/57 MP: 5/5
  3261 | D:5      | Entered Level 5 of the Dungeon
  3539 | D:5      | Found a glowing golden altar of the Shining One.
  3668 | D:5      | Found a glowing drain.
  3681 | Sewer    | Entered a sewer
  3686 | Sewer    | Reached **** piety under Trog
  3981 | D:5      | Found Tamm's Tempting Trifles.
  3992 | D:5      | Bought a +0 tower shield for 63 gold pieces
  4216 | D:5      | Reached XP level 7. HP: 63/64 MP: 6/6
  4317 | D:5      | Reached skill level 1 in Shields
  4537 | D:6      | Found a glowing golden altar of the Shining One.
  4611 | D:6      | Reached skill level 5 in Armour
  4680 | D:6      | Reached XP level 8. HP: 59/74 MP: 3/7
  5133 | D:6      | Reached ***** piety under Trog
  5259 | D:6      | Reached XP level 9. HP: 83/83 MP: 8/8
  5338 | D:6      | Found a staircase to the Ecumenical Temple.
  5415 | D:7      | You fall into a shaft and drop 3 floors!
  5415 | D:10     | Entered Level 10 of the Dungeon
  5438 | D:10     | Found Hemnexes's Jewellery Emporium.
  5599 | D:10     | Reached skill level 5 in Shields
  5609 | D:9      | Reached skill level 10 in Axes
  5619 | D:9      | Found a stormy altar of Qazlal.
  5625 | D:9      | Reached skill level 10 in Fighting
  5995 | D:7      | Noticed Menkaure
  6002 | D:7      | Killed Menkaure
  6039 | D:7      | Found a sand-covered staircase.
  6047 | Ossuary  | Entered an ossuary
  6768 | D:9      | Reached XP level 10. HP: 94/94 MP: 9/9
  6834 | D:10     | Bought an uncursed amulet of the acrobat for 390 gold
                  | pieces
  7041 | D:8      | Found a shimmering altar of Xom.
  7486 | D:8      | Identified the Grimoire of Lucky Execration
  7690 | D:8      | Noticed a red ugly thing
  7753 | D:8      | Killed a red ugly thing
  7963 | D:8      | Found Qoneucap's Antique Weapon Shoppe.
  8731 | D:9      | Found a runed translucent gate.
  8733 | D:9      | Noticed p0werm0de's ghost (novice DDFi)
  8734 | D:9      | Found a runed translucent gate.
  8735 | D:9      | Noticed Sedillia's ghost (novice DDFi)
  8736 | D:9      | Found a runed translucent gate.
  8751 | D:9      | Noticed Jaiteiro's ghost (novice TrFi)
  8954 | D:10     | Found a staircase to the Orcish Mines.
  9491 | D:10     | Found a staircase to the Lair.
  9504 | D:10     | Got a pair of jewelled boots
  9505 | D:10     | Identified the cursed +0 pair of boots of the Exiled
                  | Xeniums {rF+ MR+} (You found it on level 10 of the Dungeon)
  9697 | D:11     | Noticed a brown ugly thing
  9715 | D:11     | Killed a brown ugly thing
  9715 | D:11     | Reached XP level 11. HP: 80/104 MP: 10/10
 10794 | D:11     | Received a gift from Trog
 11176 | D:12     | Noticed a centaur warrior
 11197 | D:12     | Killed a centaur warrior
 11312 | D:12     | Found a frozen archway.
 11327 | IceCv    | Entered an ice cave
 11554 | IceCv    | Identified the Papyrus of Unholy Toxins
 11600 | IceCv    | Reached XP level 12. HP: 94/116 MP: 11/11
 11601 | IceCv    | Reached skill level 10 in Armour
 12215 | IceCv    | Noticed a frost giant
 12215 | IceCv    | Noticed a death yak
 12229 | IceCv    | Killed a death yak
 12249 | IceCv    | Killed a frost giant
 12254 | IceCv    | HP: 3/118 [polar bear (23)]
 12256 | IceCv    | Slain by a polar bear

Illustrated notes

Levels and vault maps discovered:
D:1:      lightli_arrival_maybe_door_vault, layout_loops_ring,
          serial_park_tiny_2
D:2:      layout_loops_ring
D:3:      layout_basic, chequers_temple_overflow_statue_of_worship,
          grunt_temple_overflow_open, kennysheep_generic_room_6
D:4:      layout_basic, serial_forest, infiniplex_forest_clump_curved,
          infiniplex_forest_straight_2, infiniplex_forest_clump_tiny,
          infiniplex_forest_lined_corner, infiniplex_forest_clump_curved,
          infiniplex_forest_lined_3, infiniplex_forest_lined_room_2,
          infiniplex_forest_clump_C, infiniplex_forest_lined_room_2,
          kennysheep_generic_room_12
D:5:      layout_basic, portal_sewer_entry_e, basic_altar, first_ration,
          nicolae_alphabet_shops, lightli_minifort
D:6:      kennysheep_windowed_halls, layout_basic, nicolae_tso_besieged_by_evil,
          temple_green
D:7:      layout_loops_cross, lightli_ossuary_entry_decrepit_ruins,
          grunt_ogre_cave, uniq_menkaure
D:8:      layout_loops_corners, overflow_temple_1_default, serial_shops,
          nicolae_shop_statue_plus
D:9:      layout_stronghold, gammafunk_ghost_cemetery,
          nicolae_qazlal_general_emergency
D:10:     layout_rooms, grunt_lair_entry_orc_guard_hut,
          kennysheep_orc_monster_closet_entryway, serial_shops,
          kennysheep_mini_moat
D:11:     layout_gridville, serial_bayou_pond_b, hangedman_abyss_or_decor_stabs
D:12:     minmay_goldmine, layout_cave_pods, portal_ice_cave_entry_pillars_1
IceCv:    ice_cave_caverns_03

Skill      XL: |  1  2  3  4  5  6  7  8  9 10 11 12 |
---------------+-------------------------------------+-----
Fighting       | 4 5 6 7 9 10 12 13 14 | 14.8
Axes           | 4 5 6 7 9 10 12 13 14 | 14.0
Armour         | 3 4 5 6 7 8 9 10 | 10.8
Shields        | 2 4 5 7 8 9 |  9.9
Dodging        | |  2.1

Action                   |  1- 3 |  4- 6 |  7- 9 | 10-12 || total
-------------------------+-------+-------+-------+-------++-------
Melee: Hand axe          |   119 |   187 |   149 |       ||   455
       Headbutt          |    18 |    26 |    71 |   136 ||   251
       War axe           |       |       |   158 |   657 ||   815
Throw: Dart              |       |       |     5 |     5 ||    10
Invok: Trog's Hand       |       |     1 |     8 |    18 ||    27
       Berserk           |       |       |     5 |    10 ||    15
  Use: Scroll            |    12 |     3 |     6 |     7 ||    28
       Potion            |       |       |       |    10 ||    10
  Eat: Chunk             |     2 |     9 |    13 |    20 ||    44
       Ration            |       |       |     1 |     4 ||     5
Armor: Leather armour    |     1 |       |       |       ||     1
       Animal skin       |     1 |       |       |       ||     1
       Ring mail         |    37 |       |       |       ||    37
       Scale mail        |    11 |    88 |   115 |    58 ||   272
       Chain mail        |       |       |       |    45 ||    45
       Plate armour      |       |       |       |   286 ||   286
Dodge: Dodged            |    75 |    87 |    41 |   130 ||   333
Block: Tower shield      |       |    14 |   229 |   632 ||   875
